 Dungeon Crawl Stone Soup version 0.21-a0-286-g6fcecc0 (console) character file.

3 Gottschkopf the Ruffian (level 1, 5/16 HPs)
             Began as a Draconian Transmuter on Sept 28, 2017.
             Got out of the dungeon alive.
             The game lasted 00:00:57 (163 turns).

Gottschkopf the Ruffian (Draconian Transmuter)       Turns: 163, Time: 00:00:58

Health: 5/16       AC:  4    Str: 12    XL:     1   Next: 41%
Magic:  3/3        EV: 12    Int: 13    God:
Gold:   6          SH:  0    Dex: 11    Spells: 3/4 levels left

rFire    . . .     SeeInvis .     - Unarmed
rCold    . . .     Gourm    +   (no shield)
rNeg     . . .     Faith    .   (armour unavailable)
rPois    .         Spirit   .   (helmet restricted)
rElec    .         Reflect  .   (no cloak)
rCorr    .         Harm     .   (no gloves)
MR       .....                  (no boots)
Stlth    +.........             e - amulet of the gourmand
HPRegen  0.05/turn              (no ring)
MPRegen  0.08/turn              (no ring)

@: no status effects
A: unfitting armour, cold-blooded, AC +4
a: no special abilities


You escaped.
You were not hungry.

You visited 1 branch of the dungeon, and saw 1 of its levels.

You collected 6 gold pieces.

Inventory:

Missiles
 a - 12 arrows
Jewellery
 e - an amulet of the gourmand (around neck)
Scrolls
 d - a scroll of magic mapping {unknown}
Books
 b - a book of Changes

   Spells                             Type                      Level
   a - Beastly Appendage              Transmutation                1
   b - Sticks to Snakes               Transmutation                2
   c - Spider Form                    Transmutation/Poison         3
   d - Ice Form                       Ice/Transmutation            4
   e - Blade Hands                    Transmutation                5
Comestibles
 c - a bread ration
 f - a chunk of flesh


   Skills:
 - Level 1.1 Fighting
 - Level 1.7 Dodging
 + Level 3.2 Unarmed Combat
 - Level 2.0 Spellcasting
 - Level 2.0 Transmutations


You had 3 spell levels left.
You knew the following spells:

 Your Spells              Type           Power        Failure   Level  Hunger
a - Beastly Appendage     Tmut           #.....       11%         1    ##.....


Dungeon Overview and Level Annotations

Branches:
Dungeon (1/15)

Altars:


Innate Abilities, Weirdness & Mutations

Your plain brown scales are hard. (AC +4)
You cannot fit into any form of body armour.
You are cold-blooded and may be slowed by cold attacks.


Message History

You are too injured to fight recklessly!
You are too injured to fight recklessly!
You start resting.
Your horns disappear.
You start resting.
A goblin comes into view. It is wielding an enchanted dagger.
The ooze quivers.
The goblin shouts!
The ooze jiggles.
You aren't carrying any items that you can evoke.
You open the door. The ooze hits you but does no damage.
There is an open door here.
There's a creature in the doorway!
The ooze hits you.
* * * LOW HITPOINT WARNING * * *
There is an open door here.
There is an open door here.
There is a staircase leading out of the dungeon here.
Are you sure you want to leave the Dungeon?
This will make you lose the game!
You have escaped!

#. #.######################
...#........g...........
#....###########'###########
##.###........#8.8#........#
##.###........#.g.#........#
.....#...⌠....##'##....⌠...#
###.g##.........J.........##
.....#######....@....######
###.....# ##.......##
#..##g# ######### #..##.#
#...#.# ..#...#######+
#####..##.......
....#.)##.......
........#.......


You could see an ooze and a goblin.

Vanquished Creatures
  A goblin (D:1)
  A hobgoblin (D:1)
  A frilled lizard (D:1)
3 creatures vanquished.

Notes
Turn   | Place    | Note
-------+----------+-------------------------------------------
     0 | D:1      | Gottschkopf the Draconian Transmuter began the quest for the Orb.
     0 | D:1      | Reached XP level 1. HP: 16/16 MP: 3/3
   163 | D:$      | Got out of the dungeon alive.

Vault maps used:
D:1:      giann_wishing_wells

Action                   || total
-------------------------++-------
Melee: Unarmed           ||    15
       Headbutt          ||     1
 Cast: Beastly Appendage ||     2
Armor: Skin              ||     4
Dodge: Dodged            ||     5

Table legend:
 A = Spawn XP
 B = Non-spawn XP
 C = Spawn XP percentage of total XP
 D = Spawn monster count
 E = Non-spawn monster count
 F = Spawn count percentage of total count
 G = Total turns spent on level
                    A         B        C        D         E        F      G
               +---------+---------+-------+---------+---------+-------+---------
         Total |       0 |       5 |   0.0 |       0 |       3 |   0.0 |   163
               +---------+---------+-------+---------+---------+-------+---------
           D:1 |       0 |       5 |   0.0 |       0 |       3 |   0.0 |   163
               +---------+---------+-------+---------+---------+-------+---------
